 Dungeon Crawl Stone Soup version 0.29.1-12-g30fa7ad0bf (webtiles) character file.

Game seed: 6916465919064224371

55237 nightchill the Severer (level 14, -4/128 HPs)
             Began as a Palentonga Abyssal Knight on Jan 15, 2023.
             Was an Elder of Lugonu.
             Slain by Rupert
             ... wielding a +0 battleaxe of electrocution
              (11 damage)
             ... on level 14 of the Dungeon.
             The game lasted 01:12:45 (28101 turns).

nightchill the Severer (Palentonga Abyssal Knight) Turns: 28101, Time: 01:12:46

Health: -4/128     AC: 28    Str: 30    XL:     14   Next: 37%
Magic:  16/21      EV:  2    Int: 10    God:    Lugonu [****..]
Gold:   1599       SH:  9    Dex: 11    Spells: 13/13 levels left

rFire   + . .      SeeInvis +   a - +6 broad axe (flame)
rCold   . . .      Faith    .   V - +0 kite shield
rNeg    . . .      Spirit   .   S - +0 plate armour
rPois   .          Reflect  .   (no helmet)
rElec   +          Harm     .   Y - scarf {shadows}
rCorr   .          Rampage  .   s - +0 pair of gloves
Will    +....                   c - +6 lightning scales {swift, rElec}
Stlth   ..........              I - amulet of the acrobat
HPRegen 0.31/turn               d - +6 ring of strength
MPRegen 0.17/turn               J - ring of protection from fire

@: curled up, quick
A: large, rugged brown scales 3, see invisible, deformed body, roll 1, armoured
tail, reflexive curl
a: Rolling Charge, Renounce Religion, Depart the Abyss, Bend Space, Banish,
Corrupt


You were on level 14 of the Dungeon.
You worshipped Lugonu.
Lugonu was greatly pleased with you.
You visited 3 branches of the dungeon, and saw 19 of its levels.
You visited the Abyss 1 time.
You also visited: Sewer, Bailey, Gauntlet and Volcano.

You collected 2002 gold pieces.
You spent 403 gold pieces at shops.

Inventory:

Hand Weapons
 a - a +6 broad axe of flaming (weapon)
 b - a +2 broad axe of freezing
 O - a +3 vorpal broad axe
 Q - a +1 hand axe of distortion
 R - a +4 morningstar
Armour
 c - the +6 lightning scales (worn) {swift, rElec}
   (You acquired it in a bailey)

   It allows the wearer to cover ground more swiftly.
   rElec:     It insulates you from electricity.
 s - a +0 pair of gloves (worn)
 u - a +0 buckler
 S - a +0 plate armour (worn)
 V - a +0 kite shield (worn)
 Y - a scarf of shadows (worn)
Magical Staves
 U - a staff of air
Jewellery
 d - a +6 ring of strength (left hand)
 i - a +6 ring of strength
 z - a ring of protection from cold
 D - a +4 ring of evasion
 I - an amulet of the acrobat (around neck)
 J - a ring of protection from fire (right hand)
 X - a ring of willpower
Wands
 l - a wand of roots (11)
 E - a wand of digging (1)
 F - a wand of polymorph (20)
 G - a wand of charming (13)
 L - a wand of quicksilver (13)
 M - a wand of flame (80)
Scrolls
 e - 11 scrolls of teleportation
 h - a scroll of butterflies
 j - a scroll of torment {unknown}
 m - a scroll of vulnerability
 n - 5 scrolls of enchant armour
 p - 2 scrolls of magic mapping
 q - 2 scrolls of immolation
 y - 3 scrolls of poison
 B - a scroll of summoning
 K - a scroll of blinking {unknown}
 W - a scroll of fear
 Z - a scroll of enchant weapon
Potions
 f - 5 potions of curing
 g - 5 potions of magic
 k - 3 potions of heal wounds
 o - 6 potions of haste
 t - 4 potions of mutation
 v - 3 potions of flight
 w - 3 potions of brilliance
 x - 6 potions of attraction
 A - 2 potions of cancellation
 C - a potion of might
 H - a potion of berserk rage
 N - 4 potions of resistance
 T - 2 potions of invisibility
Miscellaneous
 P - a phantom mirror


   Skills:
 + Level 14.2 Fighting
 - Level 18.0 Axes
 + Level 4.0 Armour
 - Level 0.7 Dodging
 * Level 5.7 Shields
 - Level 10.0 Invocations


You had 13 spell levels left.
You didn't know any spells.
Your spell library contained the following spells:

 Spells                   Type           Power      Damage    Failure   Level
 Apportation              Tloc           0%         N/A       100%        1
 Beastly Appendage        Tmut           0%         N/A       100%        1
 Foxfire                  Conj/Fire      0%         2x1d4     100%        1
 Necrotise                Necr           0%         1d4       100%        1
 Summon Small Mammal      Summ           0%         N/A       100%        1
 Wereblood                Tmut           0%         N/A       100%        2
 Conjure Flame            Conj/Fire      0%         6-21      100%        3
 Inner Flame              Hex/Fire       0%         N/A       100%        3
 Portal Projectile        Hex/Tloc       0%         N/A       100%        3
 Spider Form              Tmut/Pois      0%         N/A       100%        3
 Tukima's Dance           Hex            0%         N/A       100%        3
 Flame Wave               Conj/Fire      0%         2d4       100%        4
 Blade Hands              Tmut           0%         N/A       100%        5


Dungeon Overview and Level Annotations

Branches:
Dungeon (12/15)            Temple (0/1) D:5            Lair (4/5) D:11
 Shoals (0/4) Lair:2       Spider (0/4) Lair:2          Orc (2/2) D:11
    Elf (0/3) Orc:2         Sewer (visited)          Bailey (visited)
Volcano (visited)         Gauntlet (visited)
  Slime: Lair:4-5

Altars:
Ashenzari
Dithmenos
Elyvilon
Fedhas
Hepliaklqana
Makhleb
Yredelemnul
Zin

Shops:
D:1 ([   D:5 (   D:7 (   Orc:2 ?[?!

Annotations:
D:3 1 runed translucent door, diceflayer's ghost, amateur DsHu
D:4 1 runed translucent door, Crazy Yiuf
D:6 exclusion: downstairs
D:10 3 runed translucent doors, corrupted
D:12 3 runed translucent doors, 0o0o's ghost, journeyman HOFi
D:14 1 transporter, Nuij's ghost, journeyman FoGl; Rupert
Lair:3 exclusion: downstairs
Abyss:1 Fannar; Joseph; Pikel; Snorg


Innate Abilities, Weirdness & Mutations

You are completely covered in rugged brown scales. (AC +3, +7% HP)
You have supernaturally acute eyesight. (SInv)
Armour fits poorly on your strangely shaped body.
You can roll at nearby foes to attack.
You have a long armoured tail.
You curl defensively after being hit. (AC +7*)


Message History

You don't have enough magic at the moment.
As you read the scroll of butterflies, it crumbles to dust.
You hear the tinkle of a tiny bell.
Rupert hits you with a +0 battleaxe of electrocution!
* * * LOW HITPOINT WARNING * * *
Rupert hits you but does no damage.
You swap places.
Rupert hits your butterfly with a +0 battleaxe of electrocution!!!
Your butterfly dies!
Your butterfly disappears in a burst of colours!
Press: ? - help, Shift-Dir - straight line, f/p - Rupert
Aim: Rupert, wielding a +0 battleaxe of electrocution and wearing a +0 ring mail (berserk, ally target, chance to affect: 23%) Rupert resists with almost no effort.
Rupert hits you but does no damage.
Rupert hits your butterfly with a +0 battleaxe of electrocution!!
Your butterfly dies!
Your butterfly disappears in a burst of colours!
Okay, then.
Okay, then.
You feel much better.
Rupert hits you with a +0 battleaxe of electrocution!
* * * LOW HITPOINT WARNING * * *
Rupert hits you with a +0 battleaxe of electrocution!
* * * LOW HITPOINT WARNING * * *
Rupert hits your butterfly with a +0 battleaxe of electrocution!!
Lightning courses through your butterfly!
Your butterfly dies!
Your butterfly disappears in a burst of colours!
Press: ? - help, v - describe, . - travel
Here: Rupert, wielding a +0 battleaxe of electrocution and wearing a +0 ring mail (berserk)
The floor.
A centaur warrior comes into view.
You don't have enough magic at the moment.
Magic courses through your body. You block Rupert's attack.
Press: ? - help, Shift-Dir - straight line, f/p - Rupert
Aim: Rupert, wielding a +0 battleaxe of electrocution and wearing a +0 ring mail (berserk, chance to affect: 23%) Rupert resists with almost no effort.
Rupert hits you with a +0 battleaxe of electrocution!
* * * LOW HITPOINT WARNING * * *
Rupert hits you with a +0 battleaxe of electrocution!
You die...

#..'...⌠...+.#.#######
#.##.......###...†...#
#.##.⌠...⌠.# ##......#
##.##.......####......# #####
#...####+#####........# #....
#......#.# #........# #....
#........# #...###### #....
##.>....#######...###########....
##...^..........@@.Jc.....?.$.p.>
##.......[.......p..############.
##.#.#.############.# *. .......#
#.### *. ##.#.### #...## *.
##.#.#### ##...## *. ##.#....#
****###.#..#######*. ##.####.#
*,,.......e....e.#*. ...#..#.#
*,,...©.©.....##.##.


You could see Rupert (berserk), a slime creature, a centaur warrior and a human.

Vanquished Creatures
  An orc warlord (Bailey)
  Josephine (D:10)
  A boulder beetle (D:14)
  A hydra (D:14)
  A catoblepas (Lair:1)
  2 two-headed ogres
  5 orc high priests (Orc:2)
  5 death yaks (Lair:4)
  Nergalle (D:10)
  5 skeletal warriors
  A deep elf pyromancer (D:14)
  An ugly thing (D:12)
  A wolf spider (Gauntlet)
  2 cyclopes (D:12)
  A slime creature (D:14)
  An elephant (Lair:1)
  A black mamba (Lair:3)
  3 merfolk sirens (Lair:2)
  3 unseen horrors
  A torpor snail (Lair:3)
  10 cane toads
  A rime drake (Lair:3)
  3 komodo dragons
  A yaktaur (Volcano)
  A tengu conjurer (D:14)
  A merfolk (Lair:2)
  7 trolls
  4 polar bears
  Prince Ribbit (D:7)
  13 blink frogs
  2 jumping spiders (Lair:2)
  A vampire (D:10)
  A shadow (D:11)
  Sigmund (D:4)
  5 wyverns
  6 wraiths
  6 humans (D:14)
  40 yaks
  Grum (D:9)
  3 fire bats (Lair:3)
  A steam dragon (D:8)
  A redback (Lair:2)
  2 vampire mosquitoes (D:11)
  7 water moccasins
  Pargi (Sewer)
  24 orc warriors
  3 black bears
  18 centaurs
  4 ogres
  16 wolves
  2 phantoms
  A kobold brigand (D:11)
  7 bullfrogs
  A scorpion (D:4)
  4 wights (D:8)
  10 killer bees
  4 troll zombies (D:11)
  11 howler monkeys
  3 electric eels
  2 jellies
  27 orc priests
  4 hounds
  A gnoll bouda (D:8)
  7 iguanas
  22 orc wizards
  4 ogre zombies (D:11)
  14 gnolls
  10 adders
  A shadow imp (D:7)
  3 white imps
  An ufetubus (D:7)
  2 worms
  5 dart slugs
  54 orcs
  5 ball pythons
  5 endoplasms
  7 giant cockroaches
  4 hobgoblins
  4 jackals (D:3)
  25 kobolds
  7 quokkas
  3 bats
  A frilled lizard (D:2)
  10 goblins
  2 goblin skeletons (D:11)
  A goblin zombie (D:11)
  A hobgoblin skeleton (D:11)
  6 hobgoblin zombies (D:11)
  An orc skeleton (D:11)
  14 orc zombies (D:11)
  4 rats
523 creatures vanquished.

Vanquished Creatures (others)
  An entropy weaver (Gauntlet)
  2 hydras (D:10)
  The ghost of diceflayer the Warrior, a novice DsHu of Okawaru (D:10)
  4 large abominations (Gauntlet)
  A jumping spider (Gauntlet)
  5 small abominations (Gauntlet)
  An orc wizard (Orc:2)
  3 bushes (D:11)
  25 demonic plants (Gauntlet)
  17 fungi
  48 plants
  5 starspawn tentacles (D:10)
  3 withered plants (Gauntlet)
116 creatures vanquished.

Grand Total: 639 creatures vanquished

Notes
Turn   | Place    | Note
-------+----------+-------------------------------------------
     0 | Abyss:1  | nightchill the Palentonga Abyssal Knight began the quest
                  | for the Orb.
     0 | Abyss:1  | Reached XP level 1. HP: 19/19 MP: 2/2
     1 | D:1      | Escaped the Abyss
    84 | D:1      | Found Sekhejono's Antique Armour Shoppe.
   127 | D:1      | Reached XP level 2. HP: 22/25 MP: 3/3
   732 | D:1      | Found Raoddiuv's Weapon Emporium.
   741 | D:1      | Bought a +0 war axe for 35 gold pieces
   767 | D:1      | Reached XP level 3. HP: 22/31 MP: 4/4
  1223 | D:2      | Reached *** piety under Lugonu
  1224 | D:2      | Reached skill level 3 in Axes
  2202 | D:3      | Reached XP level 4. HP: 34/37 MP: 6/6
  2565 | D:3      | Found a runed translucent door.
  2565 | D:3      | Noticed diceflayer's ghost (amateur DsHu)
  3175 | D:4      | Noticed Sigmund
  3178 | D:4      | Killed Sigmund
  3179 | D:4      | Reached skill level 4 in Axes
  3179 | D:4      | Reached XP level 5. HP: 38/44 MP: 5/7
  3179 | D:4      | Reached XP level 6. HP: 44/51 MP: 5/8
  3363 | D:4      | Found a runed translucent door.
  3364 | D:4      | Noticed Crazy Yiuf
  3634 | D:4      | Reached skill level 5 in Axes
  4283 | D:5      | Entered Level 5 of the Dungeon
  4287 | D:5      | Reached **** piety under Lugonu
  4376 | D:5      | Gained mutation: You curl defensively after being hit. (AC
                  | +7*) [Palentonga growth]
  4376 | D:5      | Reached XP level 7. HP: 45/58 MP: 10/10
  4464 | D:5      | Found a glowing drain.
  4492 | Sewer    | Entered a sewer
  4603 | Sewer    | Noticed Pargi
  4646 | Sewer    | Killed Pargi
  4647 | Sewer    | Reached skill level 5 in Fighting
  4994 | D:5      | Reached skill level 6 in Axes
  5442 | D:4      | Reached skill level 5 in Invocations
  5763 | D:5      | Found Zudech's Weapon Shop.
  5778 | D:5      | Noticed Pikel
  6222 | D:5      | Reached XP level 8. HP: 67/67 MP: 10/12
  6241 | D:5      | Found a broken altar of Ashenzari.
  6245 | D:5      | Found a white marble altar of Elyvilon.
  6245 | D:5      | Found a basalt altar of Yredelemnul.
  6258 | D:5      | Found a shadowy altar of Dithmenos.
  6261 | D:5      | Found a hazy altar of Hepliaklqana.
  6326 | D:5      | Banished Pikel
  6327 | D:5      | Reached skill level 7 in Axes
  6423 | D:5      | Found a staircase to the Ecumenical Temple.
  6675 | D:6      | Reached skill level 8 in Axes
  7454 | D:6      | Reached XP level 9. HP: 75/75 MP: 12/14
  8060 | D:7      | Found Imed Gum's Weapon Boutique.
  8488 | D:7      | Reached skill level 9 in Axes
  8816 | D:7      | Noticed Prince Ribbit
  8924 | D:7      | Killed Prince Ribbit
  9540 | D:7      | Bought a +3 vorpal broad axe for 368 gold pieces
  9802 | D:8      | Noticed Joseph
  9816 | D:8      | Banished Joseph
  9817 | D:8      | Reached skill level 10 in Axes
 10202 | D:8      | Reached XP level 10. HP: 47/85 MP: 16/16
 10798 | D:8      | Found a burning altar of Makhleb.
 10802 | D:8      | Found a glowing silver altar of Zin.
 10802 | D:8      | Noticed an angel
 10803 | D:8      | Noticed a blizzard demon
 11041 | D:9      | Found a flagged portal.
 11041 | D:9      | Noticed Grum
 11054 | D:9      | Killed Grum
 11071 | D:9      | HP: 6/127 [poisoned by a killer bee]
 11076 | D:9      | Reached skill level 11 in Axes
 11160 | Bailey   | Entered a bailey
 11440 | Bailey   | Noticed an orc warlord
 11804 | Bailey   | Found a runed translucent gate.
 11804 | Bailey   | Found a runed translucent gate.
 11804 | Bailey   | Found a runed translucent gate.
 11864 | Bailey   | Killed an orc warlord
 12251 | Bailey   | Acquired the +6 lightning scales {swift, rElec}
 12251 | Bailey   | Found the +6 lightning scales {swift, rElec}
 12802 | D:9      | Reached skill level 12 in Axes
 13035 | D:10     | Entered Level 10 of the Dungeon
 13046 | D:10     | Reached XP level 11. HP: 87/95 MP: 18/18
 13184 | D:10     | Noticed Nergalle
 13195 | D:10     | Killed Nergalle
 13236 | D:10     | Reached ***** piety under Lugonu
 13269 | D:10     | Reached skill level 10 in Invocations
 13317 | D:10     | Noticed Snorg
 13338 | D:10     | Banished Snorg
 13339 | D:10     | Reached skill level 13 in Axes
 13709 | D:10     | Noticed Josephine
 13715 | D:10     | Killed Josephine
 13716 | D:10     | Reached skill level 10 in Fighting
 13863 | D:10     | Found a runed translucent gate.
 13864 | D:10     | Found a runed translucent gate.
 13865 | D:10     | Found a runed translucent gate.
 13870 | D:10     | Noticed a 12-headed hydra
 13871 | D:10     | Noticed diceflayer's ghost (novice DsHu)
 13872 | D:10     | Noticed a nine-headed hydra
 14410 | D:10     | Corrupted D:10
 14410 | D:10     | Noticed a starcursed mass
 14410 | D:10     | Noticed a tentacled starspawn
 14411 | D:10     | Noticed a tentacled starspawn
 14415 | D:10     | Killed a nine-headed hydra
 14417 | D:10     | Killed a 12-headed hydra
 14422 | D:10     | Killed diceflayer's ghost
 14677 | D:11     | Found a staircase to the Orcish Mines.
 14936 | D:11     | Reached skill level 14 in Axes
 15230 | D:11     | Noticed a two-headed ogre
 15260 | D:11     | Killed a two-headed ogre
 15586 | D:11     | Found a staircase to the Lair.
 15623 | D:11     | Reached XP level 12. HP: 90/105 MP: 19/19
 16136 | Lair:1   | Entered Level 1 of the Lair of Beasts
 16718 | Lair:1   | Noticed a catoblepas
 16733 | Lair:1   | Killed a catoblepas
 16734 | Lair:1   | Reached skill level 15 in Axes
 17180 | Lair:1   | Noticed an eight-headed hydra
 17181 | Lair:1   | Banished an eight-headed hydra
 17614 | Lair:2   | Found a dark tunnel.
 17648 | Volcano  | Entered a volcano
 17760 | Volcano  | Noticed a centaur warrior
 17763 | Volcano  | Found a burning altar of Makhleb.
 17895 | Volcano  | Banished a centaur warrior
 17901 | Volcano  | Noticed a red draconian
 17911 | Volcano  | Banished a red draconian
 18302 | Lair:2   | Found a staircase to the Shoals.
 18317 | Lair:2   | Reached skill level 16 in Axes
 18824 | Lair:2   | Found a blossoming altar of Fedhas.
 18948 | Lair:2   | Found a hole to the Spider Nest.
 19332 | Lair:3   | Found a gate leading to a gauntlet.
 19341 | Gauntlet | Entered a Gauntlet
 19341 | Gauntlet | Found a transporter.
 19597 | Gauntlet | Found a runed translucent gate.
 19598 | Gauntlet | Found a transporter.
 19598 | Gauntlet | Found a runed translucent gate.
 19599 | Gauntlet | Found a runed translucent gate.
 19599 | Gauntlet | Found a transporter.
 19603 | Gauntlet | Found a transporter.
 19608 | Gauntlet | Found a transporter.
 19608 | Gauntlet | Found a transporter.
 19612 | Gauntlet | Found a transporter.
 19612 | Gauntlet | Noticed an entropy weaver
 19613 | Gauntlet | Found a transporter.
 19635 | Gauntlet | Found a transporter.
 19650 | Gauntlet | Found a transporter.
 19654 | Gauntlet | Found a transporter.
 19660 | Gauntlet | Noticed a cacodemon
 19814 | Gauntlet | Corrupted Gauntlet
 19817 | Gauntlet | Noticed a starcursed mass
 19824 | Gauntlet | Noticed a cyan very ugly thing
 19868 | Gauntlet | Killed an entropy weaver
 20272 | Gauntlet | Identified the amulet "Vanoptaru" {RegenMP *Corrode rElec
                  | Int+4 Dex+2}
 20272 | Gauntlet | Noticed a minotaur
 20276 | Gauntlet | Banished a minotaur
 20277 | Gauntlet | Reached XP level 13. HP: 115/115 MP: 7/20
 21378 | Lair:3   | Reached skill level 17 in Axes
 23228 | Orc:1    | Entered Level 1 of the Orcish Mines
 23234 | Orc:1    | Noticed Fannar
 23235 | Orc:1    | Banished Fannar
 23769 | Orc:2    | Entered Level 2 of the Orcish Mines
 23818 | Orc:2    | Reached skill level 18 in Axes
 24457 | Orc:2    | Reached skill level 1 in Shields
 24728 | Orc:2    | Found a staircase to the Elven Halls.
 24808 | Orc:2    | Paralysed by an orc sorcerer for 3 turns
 25267 | Orc:2    | Reached XP level 14. HP: 120/127 MP: 21/21
 25706 | Orc:2    | Found Ogre's Distillery.
 25706 | Orc:2    | Found Gaqik's Magic Scroll Shoppe.
 25715 | Orc:2    | Found Caer's Armour Emporium.
 25715 | Orc:2    | Found Faozuv's Magic Scroll Emporium.
 26264 | D:12     | Found a runed translucent gate.
 26264 | D:12     | Found a runed translucent gate.
 26264 | D:12     | Found a runed translucent gate.
 26265 | D:12     | Noticed an acid blob
 26265 | D:12     | Noticed an acid blob
 26267 | D:12     | Noticed 0o0o's ghost (journeyman HOFi)
 26267 | D:12     | Noticed an acid blob
 26267 | D:12     | Noticed an azure jelly
 26267 | D:12     | Noticed a quicksilver ooze
 27474 | D:12     | Reached skill level 5 in Shields
 27816 | D:12     | You fall into a shaft and drop 2 floors!
 28005 | D:14     | Found a transporter.
 28008 | D:14     | Identified the +5 great mace "nightchill's Death" {vorpal,
                  | Drain rF+ rN+ Dex+9}
 28008 | D:14     | Noticed Nuij's ghost (journeyman FoGl)
 28011 | D:14     | Noticed a fire giant
 28018 | D:14     | Noticed Rupert
 28101 | D:14     | Slain by Rupert

Illustrated notes

Levels and vault maps discovered:
D:1:      lightli_arrival_statue_moat, layout_basic, serial_shops, shop,
          nicolae_shop_bloodbath_and_beyond, minmay_tromino_v4_a
D:2:      layout_loops_ring
D:3:      layout_loops_ring, gammafunk_ghost_grave
D:4:      layout_cave_pods, hangedman_abyss_or_decor_stabs, uniq_sigmund,
          uniq_crazy_yiuf_cottage
D:5:      layout_loops_ring, minmay_overflow_temple_star_hex,
          minmay_temple_entry_poolview, serial_shops, nicolae_square_shop,
          portal_sewer_entry_f, minmay_misc_feat_plants, uniq_pikel
D:6:      layout_loops_cross, hangedman_decor_growths, grunt_ministairs_13
D:7:      layout_rooms, nicolae_wooded_promenade, chequers_avenue,
          chequers_serial_rivers_marsh,
          hangedman_abyss_or_decor_jellyfish_corner, uniq_prince_ribbit1
D:8:      layout_loops_ring, grunt_temple_overflow_order_and_chaos_2,
          uniq_joseph
D:9:      layout_grid_maze, enter_bailey_2, uniq_grum
D:10:     layout_basic, gammafunk_ghost_hydra_chop,
          onia_ninara_dug_in_and_dangerous, uniq_nergalle, uniq_josephine,
          uniq_snorg
D:11:     layout_gridville, minmay_lair_entry_grove, zombieorc2_lemuel
D:12:     layout_grid_maze, gammafunk_ghost_ooze
D:14:     layout_basic, david_vaults_3, gammafunk_ghost_smash,
          minmay_fountain_box
Lair:1:   layout_regular_city, minmay_stone_trees_small, wad_woods_river_01
Lair:2:   layout_big_grid, elwin_shoals_entry_stream,
          spider_nest_entry_funnel_web, nicolae_volcano_entry_lava_flow,
          lemuel_centaur_altar
Lair:3:   layout_gridlike, gauntlet_entry_generic, lemuel_fruit_tree,
          serial_bayou_shore_b
Lair:4:   layout_regular_city, grunt_megastairs_4
Orc:1:    layout_caves, uniq_fannar
Orc:2:    st_orc_mages, layout_diamond_mine, basic_altar,
          nicolae_orc_damp_corner, mines1_david

Skill      XL: |  1  2  3  4  5  6  7  8  9 10 11 12 13 14 |
---------------+-------------------------------------------+-----
Axes           | 3 4 5 6 8 10 12 14 16 18 | 18.0
Invocations    | 3 4 5 6 8 9 10 | 10.0
Fighting       | 4 5 6 7 9 10 12 13 14 | 14.2
Shields        | 3 5 |  5.7
Armour         | 2 4 |  4.0
Dodging        | |  0.7

Action                   |  1- 3 |  4- 6 |  7- 9 | 10-12 | 13-15 || total
-------------------------+-------+-------+-------+-------+-------++-------
Melee: Hand axe          |    39 |       |       |       |       ||    39
       Tailslap          |     7 |     6 |    33 |    85 |    57 ||   188
       War axe           |    46 |    71 |   223 |       |       ||   340
       Punch             |     1 |     1 |       |       |       ||     2
       Broad axe         |       |       |    29 |   507 |   413 ||   949
Invok: Bend Space        |     2 |     1 |    20 |    23 |     5 ||    51
       Banish            |       |       |     5 |    14 |    12 ||    31
       Corrupt           |       |       |       |     2 |       ||     2
 Abil: Rolling Charge    |     9 |    15 |    33 |    53 |    26 ||   136
Evoke: Wand              |       |       |       |     3 |       ||     3
  Use: Scroll            |     2 |     3 |     9 |    15 |     9 ||    38
       Potion            |       |       |     1 |     5 |     2 ||     8
Armor: Leather armour    |    21 |       |       |       |       ||    21
       Chain mail        |    25 |    36 |   156 |       |       ||   217
       Skin              |       |       |       |    84 |       ||    84
       Plate armour      |       |       |       |   356 |   198 ||   554
Dodge: Dodged            |    19 |    17 |   115 |   154 |   101 ||   406
Block: Buckler           |       |     3 |    30 |    70 |    24 ||   127
       Kite shield       |       |       |       |       |    45 ||    45
